 Dungeon Crawl Stone Soup version 0.30-a0-808-g6e0788376e (webtiles) character file.

Game seed: 1611575736328804034

8941 pokeman the Thaumaturge (level 11, -5/61 HPs)
             Began as a Deep Elf Hedge Wizard on Feb 27, 2023.
             Was an Elder of Vehumet.
             Slain by Harold
             ... wielding a +0 glaive
              (23 damage)
             ... on level 10 of the Dungeon.
             The game lasted 00:29:40 (9746 turns).

pokeman the Thaumaturge (Deep Elf Hedge Wizard)     Turns: 9746, Time: 00:29:41

Health: -5/61      AC: 12    Str:  7    XL:     11   Next: 16%
Magic:  38/40      EV: 12    Int: 30    God:    Vehumet [****..]
Gold:   877        SH:  0    Dex: 18    Spells: 30/39 levels left

rFire   . . .      SeeInvis .    E - +1 shortbow (freeze)
rCold   . . .      Faith    .    (shield currently unavailable)
rNeg    . . .      Spirit   .    x - +2 leather armour {rPois}
rPois   +          Reflect  .    z - +2 helmet "Fiery" {Contam rElec rCorr Dex+4}
rElec   +          Harm     .    H - +0 cloak
rCorr   +          Rampage  .    o - +0 pair of gloves
Will    +....                    m - +0 pair of boots
Stlth   ++                       j - amulet of magic regeneration
HPRegen 0.30/turn                J - ring of magical power
MPRegen 0.67/turn                u - +6 ring of intelligence

@: on blink cooldown
A: no striking features
a: Renounce Religion


You were on level 10 of the Dungeon.
You worshipped Vehumet.
Vehumet was greatly pleased with you.
You visited 2 branches of the dungeon, and saw 11 of its levels.

You collected 877 gold pieces.

Inventory:

Hand Weapons
 E - a +1 shortbow of freezing (weapon)
 M - a -1 demon whip of venom
Armour
 m - a +0 pair of boots (worn)
 o - a +0 pair of gloves (worn)
 x - a +2 leather armour of poison resistance (worn)
 z - the +2 helmet "Fiery" (worn) {Contam rElec rCorr Dex+4}
   (You found it on level 5 of the Dungeon)

   Dex:       It affects your dexterity (+4).
   rElec:     It insulates you from electricity.
   Contam:    It causes magical contamination when unequipped.
   rCorr:     It protects you from acid and corrosion.
 H - a +0 cloak (worn)
Jewellery
 f - a +6 ring of intelligence
 j - an amulet of magic regeneration (around neck)
 q - a +6 ring of strength
 u - a +6 ring of intelligence (right hand)
 A - a ring of positive energy
 D - an amulet of reflection
 F - a +6 ring of dexterity
 I - an amulet of guardian spirit
 J - a ring of magical power (left hand)
 N - a +6 ring of strength
 O - an amulet of regeneration
Wands
 t - a wand of flame (29)
 B - a wand of paralysis (12)
 G - a wand of polymorph (10)
Scrolls
 a - 4 scrolls of teleportation {unknown}
 g - 3 scrolls of fog {unknown}
 h - 10 scrolls of identify {unknown}
 k - 2 scrolls of enchant weapon {unknown}
 l - 2 scrolls of fear {unknown}
 n - a scroll of blinking {unknown}
 r - 2 scrolls of vulnerability {unknown}
 s - a scroll of enchant armour {unknown}
 w - 5 scrolls of magic mapping {unknown}
 y - 2 scrolls of immolation {unknown}
 K - a scroll of noise {unknown}
 P - a scroll of brand weapon {unknown}
Potions
 b - 3 potions of haste {unknown}
 c - a potion of attraction {unknown}
 d - 2 potions of magic
 e - 2 potions of lignification {unknown}
 i - 6 potions of curing {unknown}
 p - 4 potions of mutation {unknown}
 v - 2 potions of ambrosia {unknown}
 C - 4 potions of degeneration {unknown}
 L - a potion of heal wounds {unknown}


   Skills:
 - Level 4.2 Fighting
 + Level 4.3 Armour
 - Level 3.1 Dodging
 - Level 3.2 Stealth
 * Level 14.8 Spellcasting
 + Level 8.6 Conjurations
 + Level 7.9 Summonings
 - Level 1.1 Translocations
 - Level 1.3 Air Magic
 - Level 1.0 Poison Magic
 - Level 1.0 Evocations


You had 30 spell levels left.
You knew the following spells:

 Your Spells              Type           Power      Damage    Failure   Level
a - Magic Dart            Conj           100%       1d8       1%          1
b - Mephitic Cloud        Conj/Pois/Air  44%        N/A       1%          3
c - Call Imp              Summ           63%        N/A       1%          2
d - Blink                 Tloc           56%        N/A       3%          2
e - Shock                 Conj/Air       100%       1d9       1%          1

Your spell library contained the following spells:

 Spells                   Type           Power      Damage    Failure   Level
 Frozen Ramparts          Ice            44%        1d7       2%          3
 Dazzling Flash           Conj/Hex       96%        N/A       1%          3
 Slow                     Hex            88%        N/A       3%          1
 Cigotuvi's Dreadful Rot  Necr/Pois/Air  54%        N/A       3%          2
 Sublimation of Blood     Necr           22%        N/A       4%          2
 Wereblood                Tmut           22%        N/A       4%          2
 Silence                  Hex/Air        13%        N/A       54%         5
 Agony                    Necr           22%        N/A       63%         5
 Summon Hydra             Summ           31%        N/A       69%         7


Dungeon Overview and Level Annotations

Branches:
Dungeon (10/15)            Temple (1/1) D:4            Lair (0/5) D:9
    Orc (0/2) D:9

Altars:
Ashenzari
Cheibriados
Dithmenos
Fedhas
Gozag
Hepliaklqana
Kikubaaqudgha
Makhleb
Nemelex Xobeh
Okawaru
Qazlal
Ru
Sif Muna
Trog
Uskayaw
Vehumet
Wu Jian
Xom
Yredelemnul
Zin
The Shining One

Shops:
D:2 [

Annotations:
D:5 1 runed translucent door, Juicyj's ghost, novice GnWn
D:10 Harold


Message History

The fire bat appears confused.
Casting: Mephitic Cloud (safe; 1% risk of failure)
Confirm with . or Enter, or press ? or * to list all spells.
Aiming: Magic Dart (safe; 1% risk of failure)
Press: ? - help, Shift-Dir - straight line, f/p - fire bat
Aim: a fire bat (noxious fumes, confused, 100% to hit)
The magic dart hits the fire bat!
The fire bat is moderately wounded.
The fire bat is engulfed in noxious fumes.
The fire bat appears confused.
The fire bat flutters around in erratic circles.
The fire bat is engulfed in noxious fumes.
The fire bat bites Harold.
Harold is engulfed in flames!
Harold grins madly.
The fire bat is engulfed in noxious fumes.
The fire bat bites you but does no damage.
Casting: Magic Dart (safe; 1% risk of failure)
Confirm with . or Enter, or press ? or * to list all spells.
Aiming: Magic Dart (safe; 1% risk of failure)
Press: ? - help, Shift-Dir - straight line, f/p - fire bat
Aim: a fire bat (moderately wounded, confused, 100% to hit)
The magic dart hits the fire bat.
The fire bat is heavily wounded.
The fire bat is engulfed in noxious fumes.
The fire bat bites you but does no damage.
Something hits you. Something shocks you. You resist.
* * * LOW HITPOINT WARNING * * *
The fire bat is engulfed in noxious fumes.
The fire bat appears confused.
Casting: Magic Dart (safe; 1% risk of failure)
Confirm with . or Enter, or press ? or * to list all spells.
You blink.
Fire: E) +1 shortbow (freeze)
Press: ? - help, Q - select action, (/) - cycle Shift-Dir - straight line, f/p - fire bat
Aim: a fire bat (heavily wounded, confused, 74% to hit)
You shoot an arrow. The arrow hits the fire bat.
The arrow freezes the fire bat.
The fire bat is severely wounded.
Harold hits you with a +0 glaive!!
You die...

.###.#..###...........
......#..##b...)........
#...#................
#.#..###..$.$........
#....#.{............
###...........<...#
#(....##.......##
#..#....#.@...##
######.##.##.#.#@#.#
.......##.##...#.#...
....##.##.###..... #.
....##........#.#..
...###.....####..#..
.....#...### ##..##.
.........# #. .........#
.. .....#....


You could see Harold (confused) and a fire bat (confused).

Vanquished Creatures
  2 two-headed ogres
  Amaemon (D:8)
  An orange demon (D:8)
  A kobold demonologist (D:10)
  2 trolls (D:9)
  2 hornets
  Grinder (D:6)
  A shadow (D:8)
  An acid dragon (D:10)
  Duvessa (D:4)
  2 water moccasins (D:5)
  An orc warrior (D:9)
  4 ice beasts
  A black bear (D:5)
  A sky beast (D:7)
  6 ogres
  3 centaurs
  A phantom (D:5)
  A kobold brigand (D:7)
  3 bullfrogs
  3 scorpions
  A necrophage (D:8)
  13 wights (D:8)
  10 killer bees
  7 howler monkeys
  4 jellies
  6 hounds
  8 orc priests
  2 gnoll boudas
  4 iguanas
  8 orc wizards
  Natasha (thrice) (D:4)
  12 gnolls
  9 adders
  2 shadow imps
  A white imp (D:6)
  2 ufetubi (D:5)
  A worm (D:3)
  5 dart slugs
  70 orcs
  7 ball pythons
  9 endoplasms
  A giant cockroach (D:4)
  5 hobgoblins
  6 jackals (D:1)
  3 quokkas
  10 bats
  A frilled lizard (D:1)
  8 goblins
  12 kobolds
  9 rats
278 creatures vanquished.

Vanquished Creatures (collateral kills)
  A wyvern (D:7)
  An ogre (D:3)
  Dowan (D:4)
  A howler monkey (D:7)
  A gnoll (D:3)
  A worm (D:2)
  An orc (D:9)
  2 giant cockroaches (D:3)
9 creatures vanquished.

Vanquished Creatures (others)
  A wizard (D:5)
1 creature vanquished.

Grand Total: 288 creatures vanquished

Notes
Turn   | Place    | Note
-------+----------+-------------------------------------------
     0 | D:1      | pokeman the Deep Elf Hedge Wizard began the quest for the
                  | Orb.
     0 | D:1      | Reached XP level 1. HP: 10/10 MP: 7/7
   326 | D:1      | Reached XP level 2. HP: 16/16 MP: 4/9
   791 | D:1      | Reached skill level 5 in Spellcasting
  1199 | D:1      | Reached XP level 3. HP: 15/20 MP: 3/11
  1209 | D:1      | Learned a level 3 spell: Mephitic Cloud
  1212 | D:1      | Learned a level 2 spell: Call Imp
  1215 | D:1      | Learned a level 2 spell: Blink
  1759 | D:2      | Found Hirghicoi's Armour Boutique.
  2340 | D:3      | Reached skill level 1 in Armour
  2344 | D:3      | Reached skill level 1 in Fighting
  2578 | D:3      | Reached XP level 4. HP: 23/25 MP: 10/13
  2738 | D:3      | Found a hazy altar of Hepliaklqana.
  2738 | D:3      | Found a sacrificial altar of Ru.
  2954 | D:3      | Noticed an ogre
  2964 | D:3      | Killed an ogre
  2965 | D:3      | Reached skill level 6 in Spellcasting
  2965 | D:3      | Reached XP level 5. HP: 29/29 MP: 7/15
  3374 | D:3      | Reached skill level 1 in Poison Magic
  3534 | D:3      | Reached XP level 6. HP: 29/34 MP: 10/17
  3700 | D:4      | Found a staircase to the Ecumenical Temple.
  3701 | D:4      | Noticed an ice beast
  3714 | Temple   | Entered the Ecumenical Temple
  3873 | D:4      | Found a basalt altar of Yredelemnul.
  3932 | D:4      | Killed an ice beast
  3933 | D:4      | Reached skill level 7 in Spellcasting
  3933 | D:4      | Reached skill level 1 in Air Magic
  3943 | D:4      | Noticed Natasha
  3954 | D:4      | Killed Natasha
  3955 | D:4      | Reached skill level 1 in Evocations
  3956 | D:4      | Noticed Natasha
  3966 | D:4      | Killed Natasha
  4098 | D:4      | Noticed Natasha
  4101 | D:4      | Killed Natasha
  4154 | D:4      | Reached XP level 7. HP: 32/38 MP: 16/20
  4240 | D:4      | Noticed Dowan
  4241 | D:4      | Noticed Duvessa
  4260 | D:4      | Killed Dowan
  4262 | D:4      | Killed Duvessa
  4263 | D:4      | Reached skill level 8 in Spellcasting
  4325 | D:4      | Found a blossoming altar of Fedhas.
  4670 | D:5      | Entered Level 5 of the Dungeon
  4725 | D:5      | Identified the +2 helmet "Fiery" {Contam rElec rCorr Dex+4}
  4784 | D:5      | Reached XP level 8. HP: 13/44 MP: 12/22
  4933 | D:5      | Found a bloodstained altar of Trog.
  4934 | D:5      | Noticed a wizard
  4940 | D:5      | Killed a wizard
  5065 | D:5      | Found an opulent altar of Gozag.
  5092 | D:5      | Reached skill level 9 in Spellcasting
  5106 | D:5      | Found a radiant altar of Vehumet.
  5115 | D:5      | Became a worshipper of Vehumet
  5243 | D:5      | Found a glowing golden altar of the Shining One.
  5320 | D:5      | Found a runed translucent door.
  5409 | D:5      | Reached skill level 5 in Conjurations
  5495 | D:5      | Reached skill level 10 in Spellcasting
  5562 | D:5      | HP: 2/44 [poisoned by a water moccasin]
  5780 | D:5      | Reached XP level 9. HP: 48/48 MP: 23/25
  5834 | D:5      | Noticed Juicyj's ghost (novice GnWn)
  6051 | D:6      | Reached * piety under Vehumet
  6051 | D:6      | Offered knowledge of Shock by Vehumet.
  6054 | D:6      | Learned a level 1 spell: Shock
  6065 | D:6      | Reached skill level 11 in Spellcasting
  6264 | D:6      | Reached skill level 5 in Summonings
  6406 | D:6      | Noticed Grinder
  6421 | D:6      | Killed Grinder
  6829 | D:7      | Found a glowing silver altar of Zin.
  6832 | D:7      | Reached ** piety under Vehumet
  6850 | D:7      | Offered knowledge of Searing Ray by Vehumet.
  6868 | D:7      | Reached skill level 12 in Spellcasting
  7221 | D:7      | Noticed a +0 dagger
  7221 | D:7      | Noticed a +0 short sword
  7223 | D:7      | Noticed a +0 short sword
  7224 | D:7      | Noticed a +0 falchion
  7225 | D:7      | Noticed a +0 dagger
  7226 | D:7      | Noticed a +0 falchion
  7226 | D:7      | Noticed a +0 spear
  7227 | D:7      | Noticed a +0 spear
  7234 | D:7      | Found a hide-covered altar of Uskayaw.
  7298 | D:7      | Found a sparkling altar of Nemelex Xobeh.
  7584 | D:8      | Reached XP level 10. HP: 53/56 MP: 28/28
  7598 | D:8      | Offered knowledge of Kindle Blastsparks by Vehumet.
  7699 | D:8      | Found a snail-covered altar of Cheibriados.
  7875 | D:8      | Reached *** piety under Vehumet
  7876 | D:8      | Reached skill level 13 in Spellcasting
  7906 | D:8      | Noticed a two-headed ogre
  7934 | D:8      | Killed a two-headed ogre
  8086 | D:8      | Found an iron altar of Okawaru.
  8103 | D:8      | Noticed an orange demon
  8104 | D:8      | Noticed Amaemon
  8118 | D:8      | Killed an orange demon
  8150 | D:8      | Killed Amaemon
  8384 | D:9      | Noticed a two-headed ogre
  8522 | D:9      | Offered knowledge of Inner Flame by Vehumet.
  8535 | D:9      | Reached skill level 14 in Spellcasting
  8754 | D:8      | Reached **** piety under Vehumet
  9050 | D:9      | Offered knowledge of Frozen Ramparts by Vehumet.
  9206 | D:9      | Reached XP level 11. HP: 56/61 MP: 31/31
  9233 | D:9      | Killed a two-headed ogre
  9307 | D:9      | Found a staircase to the Orcish Mines.
  9495 | D:9      | Found a staircase to the Lair.
  9638 | D:10     | Entered Level 10 of the Dungeon
  9719 | D:10     | Noticed Harold
  9746 | D:10     | Slain by Harold

Illustrated notes

Levels and vault maps discovered:
D:1:      eino_arrival_water_star, layout_basic, nicolae_figureground_pulse
D:2:      minmay_chambers_of_twos, layout_basic, serial_rivers,
          chequers_serial_rivers_room_a, chequers_serial_rivers_micro_b,
          chequers_serial_rivers_small_a, chequers_serial_rivers_room_a,
          serial_shops, shop, minivault_14
D:3:      layout_loops_ring, gammafunk_temple_overflow_elements
D:4:      minmay_bubble_buster, layout_cave_pools, fedhas_altar_4,
          mainiacjoe_overflow_cross_hatched, minmay_temple_entry_trees,
          uniq_natasha, uniq_duvessa
D:5:      minmay_polygon_palace, layout_basic, mainiacjoe_overflow_swirl,
          trog_wizard, vehumet_altar_wand_db, ebering_ghost_reflecting_pool
D:6:      layout_loops_ring, uniq_grinder
D:7:      layout_rooms, lemuel_round_altar, nemelex_dance_club_becter,
          nicolae_uskayaw_en_pointe
D:8:      layout_cave_pools, mainiacjoe_overflow_boulevard,
          kennysheep_mini_moat, uniq_amaemon
D:9:      layout_rooms, lair_entry_dummy, hiddenorc1_lemuel, special_room
          [special_room_orc], kennysheep_generic_room_10
D:10:     layout_rooms, elyvilon_altar_5, nicolae_shop_sticking_my_neck_out,
          uniq_harold
Temple:   hellmonk_temple_flake

Skill      XL: |  1  2  3  4  5  6  7  8  9 10 |
---------------+-------------------------------+-----
Spellcasting   | 5 6 7 8 10 12 14 | 14.8
Armour         | 1 3 4 |  4.3
Fighting       | 1 2 3 4 |  4.2
Conjurations   | 2 3 4 5 7 8 |  8.6
Dodging        | 3 |  3.1
Stealth        | 3 |  3.2
Poison Magic   | 1 |  1.0
Air Magic      | 1 |  1.3
Evocations     | 1 |  1.0
Summonings     | 3 4 6 7 |  7.9
Translocations | |  1.1

Action                     |  1- 3 |  4- 6 |  7- 9 | 10-12 || total
---------------------------+-------+-------+-------+-------++-------
  Melee: Dagger            |    37 |    31 |    50 |       ||   118
         Punch             |       |       |     2 |       ||     2
         Shortbow          |       |       |       |     1 ||     1
   Fire: Shortbow          |       |       |    95 |    68 ||   163
   Cast: Magic Dart        |   114 |   103 |   239 |    52 ||   508
         Call Imp          |     4 |     4 |    11 |     3 ||    22
         Mephitic Cloud    |     1 |     9 |    35 |    44 ||    89
         Blink             |       |       |     3 |     6 ||     9
         Shock             |       |       |    58 |   183 ||   241
  Evoke: Wand              |       |     5 |       |     5 ||    10
   Stab: Confused          |       |     6 |     9 |       ||    15
 Armour: Robe              |    16 |     5 |    59 |    30 ||   110
         Leather armour    |       |       |       |     8 ||     8
  Dodge: Dodged            |    52 |    19 |   113 |    84 ||   268

Table legend: (Time is in decaauts)
 A = Elapsed time spent in this place.
 B = Non-inter-level travel time spent in this place.
 C = Inter-level travel time spent in this place.
 D = Time resting spent in this place.
 E = Time spent auto-exploring this place.
 F = Levels seen in this place.
 G = Mean time per level.
                   A        B        C        D        E       F      G
               +--------+--------+--------+--------+--------+-----+--------+
         Total |   9803 |   9513 |    290 |    549 |   6753 |  11 |  891.2 |
       Dungeon |   9653 |   9372 |    281 |    549 |   6622 |  10 |  965.3 |
        Temple |    149 |    140 |      9 |      0 |    131 |   1 |  149.0 |
               +--------+--------+--------+--------+--------+-----+--------+

Top non-repeatable levels by time:
     D:8: 1397 daAuts
     D:5: 1387 daAuts
     D:1: 1373 daAuts
     D:3: 1158 daAuts
     D:2: 1122 daAuts
     D:4: 850 daAuts
     D:9: 801 daAuts
     D:7: 754 daAuts
     D:6: 688 daAuts
  Temple: 149 daAuts
    D:10: 119 daAuts
